Map: Lightshade LE

Players

Armani

  • Race: Zerg Zerg

Neeb - Winner!

  • Race: Protoss Protoss

Event: TSL 7

VOD

Have the link to the VOD?

Description

Time

  • Played on: June 19, 2021, 11:17 a.m.
  • Length: 7:49

All games in this series

Show
View Real Time Build Order
Export as new Build Order

Armani Zerg 

Build Orders: Hatch First 

Get SALT Encoding   

  12  0:01  Drone  
  13  0:12  Overlord  
  13  0:17  Drone  
  14  0:31  Drone x2  
  16  0:47  Hatchery  
  15  0:51  Drone  
  15  0:55  Drone  
  17  0:58  Drone  
  17  1:03  Extractor  
  17  1:14  Spawning Pool  
  17  1:18  Drone  
  17  1:22  Drone  
  18  1:28  Drone  
  19  1:38  Drone  
  20  1:51  Drone  
  21  2:00  Queen x2  
  25  2:02  Zergling x2, Overlord  
  26  2:12  Drone x2  
  26  2:15  Metabolic Boost  
  28  2:21  Drone  
  28  2:22  Drone  
  30  2:36  Hatchery  
  29  2:38  Zergling x2  
  29  2:43  Drone  
  29  2:44  Drone  
  32  2:49  Queen  
  34  2:54  Overlord  
  34  2:56  Drone  
  35  3:05  Drone  
  36  3:14  Drone x2  
  36  3:15  Drone x4  
  42  3:22  Overlord  
  42  3:27  Queen  
  42  3:29  Spore Crawler  
  42  3:31  Drone  
  43  3:39  Overlord  
  43  3:47  Zergling x2  
  43  3:48  Zergling x8  
  48  3:51  Spine Crawler, Roach Warren  
  48  3:54  Queen  
  48  4:00  Spore Crawler  
  48  4:01  Drone  
  48  4:02  Drone  
  50  4:03  Drone  
  51  4:12  Spore Crawler  
  51  4:13  Zergling x10  
  55  4:19  Zergling x4  
  55  4:23  Zergling x2  
  55  4:24  Zergling x6  
  61  4:34  Roach x2  
  63  4:44  Roach x3  
  65  4:47  Overlord  
  65  4:49  Zergling x2  
  65  4:50  Zergling x8  
  57  5:00  Zergling x8  
  58  5:10  Drone x3  
  56  5:15  Drone  
  56  5:19  Drone  
  51  5:23  Drone  
  51  5:28  Drone  
  52  5:32  Ravager x2  
  55  5:35  Drone x2  
  55  5:39  Drone  
  55  5:40  Drone  
  55  5:42  Drone  
  59  5:44  Drone  
  59  5:47  Drone x2  
  62  5:53  Drone x2  
  62  5:54  Drone  
  65  5:58  Overlord  
  65  6:02  Overlord  
  65  6:10  Drone x5  
  70  6:16  Lair  
  70  6:18  Extractor x2  
  69  6:19  Zergling x4  
  69  6:21  Zergling x4  
  72  6:31  Zergling x12  
  78  6:39  Roach x3  
  84  6:44  Drone x2  
  84  6:45  Drone  
  85  6:52  Zergling x8  
  83  6:58  Drone  
  78  7:05  Evolution Chamber  
  78  7:06  Drone  
  78  7:08  Drone  
  78  7:10  Drone  
  78  7:11  Drone  
  78  7:14  Ravager x3  
  84  7:20  Zergling x4  
  84  7:22  Overlord  
  86  7:26  Overlord  
  86  7:29  Overlord  
Show
View Real Time Build Order
Export as new Build Order

Neeb Protoss - Winner!

Build Orders: 1 Gate Expand, Mass Adepts 

Get SALT Encoding   

  12  0:00  Probe  
  13  0:12  Probe  
  14  0:20  Pylon  
  14  0:24  Probe  
  15  0:38  Probe (Chrono Boost)  
  15  0:41  Gateway  
  16  0:47  Probe (Chrono Boost)  
  16  0:49  Assimilator  
  17  0:52  Probe (Chrono Boost)  
  19  1:04  Probe  
  19  1:16  Probe  
  20  1:26  Nexus  
  20  1:36  Cybernetics Core  
  20  1:38  Probe  
  21  1:46  Assimilator  
  21  1:50  Probe  
  21  1:53  Pylon  
  22  2:02  Probe (Chrono Boost)  
  23  2:10  Adept (Chrono Boost)  
  23  2:12  Probe (Chrono Boost), Warp Gate  
  26  2:17  Probe (Chrono Boost)  
  27  2:23  Twilight Council  
  27  2:29  Probe  
  28  2:32  Stalker  
  30  2:38  Probe  
  30  2:41  Probe  
  32  2:50  Probe  
  33  2:53  Probe  
  33  2:54  Robotics Facility  
  34  3:00  Gateway  
  34  3:07  Gateway  
  34  3:13  Gateway  
  34  3:14  Resonating Glaives (Chrono Boost)  
  34  3:15  Probe  
  34  3:16  Probe  
  36  3:26  Adept  
  38  3:27  Probe  
  38  3:29  Probe  
  40  3:38  Warp Prism (Chrono Boost)  
  40  3:42  Pylon  
  40  3:44  Probe  
  40  3:46  Probe  
  44  3:54  Pylon  
  44  3:56  Probe  
  44  4:02  Adept x2  
  49  4:03  Adept  
  49  4:07  Adept  
  49  4:08  Probe  
  54  4:12  Probe  
  54  4:13  Pylon  
  55  4:23  Assimilator  
  56  4:27  Adept x3  
  56  4:28  Probe  
  56  4:31  Adept  
  64  4:41  Probe x2  
  64  4:48  Assimilator  
  64  4:51  Adept x2  
  64  4:52  Adept x2  
  64  4:57  Probe x2  
  64  5:09  Probe x2  
  58  5:16  Adept x4  
  58  5:20  Forge  
  58  5:21  Probe  
  61  5:25  Observer (Chrono Boost)  
  61  5:26  Probe  
  59  5:36  Adept x4  
  59  5:39  Pylon  
  67  5:47  Nexus  
  67  6:02  Adept x4  
  67  6:03  Probe  
  76  6:06  Probe  
  77  6:15  Probe  
  78  6:20  Gateway  
  78  6:21  Gateway  
  78  6:24  Pylon  
  78  6:25  Pylon  
  78  6:35  Shield Battery  
  78  6:42  Probe x2  
  78  6:49  Sentry x2  
  78  6:50  Sentry x2  
  80  6:54  Probe x2  
  76  7:01  Probe  
  76  7:06  Probe  
  76  7:07  Probe, Gateway  
  76  7:08  Warp Prism (Chrono Boost)  
  76  7:10  Gateway  
  76  7:12  Stalker  
  76  7:13  Probe  
  76  7:14  Stalker  
  81  7:19  Probe  
  81  7:21  Probe, Stalker  
  81  7:22  Pylon  
  85  7:26  Stalker  
  85  7:28  Probe  
  88  7:34  Stalker x2  
Tags
 
Add a new tag
Caveats
  • Supply blocks, unpowered buildings, or Contaminate may cause inaccurate times.
  • Supply counts are checked every 10 seconds.